[Event "Almaty Open 2019"]
[Site "Almaty"]
[Date "2019.10.11"]
[Round "6.18"]
[White "Baimurzin, Aitkazy"]
[Black "Zhakshylykov, Erzhan"]
[Result "1-0"]
[ECO "A15"]
[WhiteElo "2036"]
[BlackElo "1999"]
[Annotator "NA"]
[PlyCount "95"]
[EventDate "2019.10.07"]
[EventType "swiss"]
[EventCountry "KAZ"]
[SourceTitle "playchess.com"]
[Source "ChessBase"]
[SourceQuality "1"]
[TimeControl "5400+30"]

1. c4 Nf6 2. g3 g6 3. Bg2 Bg7 4. Nc3 c6 5. e4 d6 6. d4 Nbd7 7. Nge2 O-O 8. O-O e5 9. h3 Re8 10. d5 cxd5 11. cxd5 a6 12. a4 b6 13. b4 Bb7 14. Be3 Rc8 15. Qd2 Rc4 16. Rab1 Qc7 17. Rfc1 Rc8 18. f3 Ne8 19. g4 f5 20. Na2 Rxc1+ 21. Rxc1 Qd8 22. Bf1 Rxc1 23. Qxc1 f4 24. Bf2 Bf6 25. Qe1 g5 26. Nec3 Qc7 27. Bd3 h6 28. Kg2 Kg7 29. Qf1 Qc8 30. Qb1 Bd8 31. Qb2 Kg8 32. Nc1 Kg7 33. Nb3 Qc7 34. Nb1 Kg8 35. Na3 Qb8 36. Qe2 Qc8 37. Nc4 Bc7 38. a5 b5 39. Nb6 Qd8 40. Bxb5 axb5 41. Qxb5 Nb8 42. Qa4 Bxb6 43. axb6 Nd7 44. Qa7 Qc8 45. Na5 Bxd5 46. exd5 Nb8 47. b7 Qc7 48. Nc6 1-0

[Event "Almaty Open 2019"]
[Site "Almaty"]
[Date "2019.10.12"]
[Round "7.1"]
[White "Fier, Alexandr"]
[Black "Hamitevici, Vladimir"]
[Result "1-0"]
[ECO "A10"]
[WhiteElo "2541"]
[BlackElo "2472"]
[Annotator "ChessBase"]
[PlyCount "103"]
[EventDate "2019.10.07"]
[EventType "swiss"]
[EventCountry "KAZ"]
[SourceTitle "playchess.com"]
[Source "ChessBase"]
[SourceQuality "1"]
[TimeControl "5400+30"]

1. c4 g6 2. d4 Bg7 3. Nf3 d6 4. g3 c5 5. Bg2 Nc6 6. d5 Na5 7. O-O a6 8. Na3 Nf6 9. Bd2 b5 10. cxb5 O-O 11. b6 Qxb6 12. Bc3 Ne4 13. Bxg7 Kxg7 14. Qc2 Qb4 15. Ne1 Nf6 16. Nd3 Qb6 17. e4 c4 18. Nxc4 Nxc4 19. Qxc4 a5 20. Qc6 Qb8 21. e5 dxe5 22. Nxe5 Ba6 23. Rfe1 Qxb2 24. Qc5 Rfe8 25. Nc6 Nd7 26. Qxa5 Bf1 27. Qc7 Bxg2 28. Kxg2 Nf6 29. Qe5 Rxa2 30. Rxa2 Qxa2 31. Nxe7 Rxe7 32. Qxe7 Qxd5+ 33. Kg1 h5 34. Qe5 Qxe5 35. Rxe5 Nd7 36. Rb5 Nf8 37. Kg2 Ne6 38. Rd5 Kf6 39. Kf3 Ng5+ 40. Ke3 Ne6 41. f4 Nc7 42. Ra5 Ne8 43. Ra6+ Kg7 44. Kd4 Nf6 45. h3 Ng8 46. f5 Nf6 47. fxg6 fxg6 48. Ra7+ Kh6 49. Ke5 Ne8 50. Ra8 Ng7 51. Kf6 Nf5 52. Rh8# 1-0

[Event "Almaty Open 2019"]
[Site "Almaty"]
[Date "2019.10.12"]
[Round "7.2"]
[White "Igambergenov, Alibek"]
[Black "Makhnev, Denis"]
[Result "1-0"]
[ECO "A09"]
[WhiteElo "2402"]
[BlackElo "2478"]
[Annotator "ChessBase"]
[PlyCount "141"]
[EventDate "2019.10.07"]
[EventType "swiss"]
[EventCountry "KAZ"]
[SourceTitle "playchess.com"]
[Source "ChessBase"]
[SourceQuality "1"]
[TimeControl "5400+30"]

1. Nf3 d5 2. c4 d4 3. b4 Bg4 4. e3 c6 5. exd4 Bxf3 6. Qxf3 Qxd4 7. Nc3 e5 8. a3 a5 9. b5 Nf6 10. Bb2 Be7 11. Na4 Qd8 12. Bxe5 O-O 13. Be2 Nbd7 14. Bc3 cxb5 15. cxb5 Nb6 16. Nxb6 Qxb6 17. O-O Rad8 18. Bc4 Bc5 19. a4 Bd4 20. Bxd4 Qxd4 21. d3 b6 22. Rae1 Qd6 23. Qc6 Qxc6 24. bxc6 Rc8 25. Bb5 Rc7 26. Re5 Rd8 27. Rc1 Kf8 28. Kf1 Nd5 29. Ke2 Nf4+ 30. Kd2 Ne6 31. Rc4 Rd6 32. Kc3 g6 33. Rce4 Ke7 34. Kc4 f5 35. Re3 Rc8 36. Rd5 Rxd5 37. Kxd5 Rd8+ 38. Kc4 Kf6 39. Ba6 Nc7 40. Bb7 Rd5 41. d4 b5+ 42. axb5 Rxb5 43. f4 Rb1 44. Kc5 Rc1+ 45. Kd6 Nb5+ 46. Kd7 Rd1 47. c7 Rxd4+ 48. Kc6 Nxc7 49. Kxc7 Rxf4 50. Kd6 a4 51. Bd5 Rh4 52. h3 Rb4 53. Ra3 h5 54. Bc6 Rd4+ 55. Kc5 Rd2 56. Rxa4 g5 57. Rd4 Rc2+ 58. Kd6 Rc1 59. Bd5 Rh1 60. Be6 Rh2 61. Rd5 Rxg2 62. Rxf5+ Kg6 63. Ke7 Re2 64. Rf8 g4 65. h4 Rh2 66. Rg8+ Kh7 67. Rg5 Rxh4 68. Kf7 Rh2 69. Bf5+ Kh6 70. Rg6+ Kh7 71. Rf6+ 1-0

[Event "Almaty Open 2019"]
[Site "Almaty"]
[Date "2019.10.12"]
[Round "7.3"]
[White "Harutyunian, Tigran K."]
[Black "Khusenkhojaev, Muhammad"]
[Result "1-0"]
[ECO "A16"]
[WhiteElo "2535"]
[BlackElo "2434"]
[Annotator "ChessBase"]
[PlyCount "93"]
[EventDate "2019.10.07"]
[EventType "swiss"]
[EventCountry "KAZ"]
[SourceTitle "playchess.com"]
[Source "ChessBase"]
[SourceQuality "1"]
[TimeControl "5400+30"]

1. c4 Nf6 2. Nc3 d5 3. cxd5 Nxd5 4. Nf3 g6 5. Qb3 Nb6 6. d4 Bg7 7. Bf4 Be6 8. Qa3 Nc6 9. e3 O-O 10. Bb5 Bd7 11. O-O a6 12. Be2 Be6 13. Rac1 Bc4 14. Bxc4 Nxc4 15. Qb3 Nb6 16. Rfd1 Na5 17. Qc2 Nac4 18. Ne4 Nd6 19. Nc5 Qc8 20. e4 Rd8 21. h3 Nd7 22. Na4 b5 23. Nc3 Nb6 24. Ne2 Qe6 25. d5 Qxe4 26. Qxe4 Nxe4 27. Bxc7 Nxd5 28. Bxd8 Rxd8 29. Nf4 e6 30. Nxd5 exd5 31. Nd4 a5 32. Nc6 Rd6 33. Ne7+ Kf8 34. Nxd5 Bxb2 35. Rb1 Ba3 36. Rxb5 Bc5 37. Ne3 Bxe3 38. Rxd6 Bxf2+ 39. Kf1 Nxd6 40. Rb8+ Ke7 41. Kxf2 Ke6 42. Ra8 Nc4 43. Ke2 h5 44. Ra7 g5 45. Rc7 Ne5 46. Rc5 a4 47. Ra5 {[%emt 0:00:09] Kd5} 1-0

[Event "Almaty Open 2019"]
[Site "Almaty"]
[Date "2019.10.12"]
[Round "7.4"]
[White "Smirnov, Pavel"]
[Black "Mezentsev, Ivan"]
[Result "1-0"]
[ECO "D37"]
[WhiteElo "2556"]
[BlackElo "2351"]
[Annotator "ChessBase"]
[PlyCount "69"]
[EventDate "2019.10.07"]
[EventType "swiss"]
[EventCountry "KAZ"]
[SourceTitle "playchess.com"]
[Source "ChessBase"]
[SourceQuality "1"]
[TimeControl "5400+30"]

1. d4 Nf6 2. c4 e6 3. Nf3 d5 4. Nc3 a6 5. e3 dxc4 6. Bxc4 b5 7. Bb3 Bb7 8. O-O c5 9. e4 b4 10. Ba4+ Nbd7 11. e5 Ne4 12. Nxe4 Bxe4 13. dxc5 Bxc5 14. Bg5 Be7 15. Bxe7 Qxe7 16. Rc1 Bd5 17. Rc7 Rd8 18. Bxd7+ Rxd7 19. Qa4 Kd8 20. Rxd7+ Qxd7 21. Qxb4 Qc7 22. Ng5 Re8 23. Nxf7+ Kd7 24. Nd6 Rf8 25. Qg4 g6 26. Qh4 h5 27. Qg5 Qc2 28. Qh6 Rxf2 29. Qg7+ Kd8 30. Qg8+ Kc7 31. Qc8+ Kb6 32. Qb8+ Ka5 33. Qd8+ Ka4 34. b3+ Ka3 35. Qa5+ 1-0

[Event "Almaty Open 2019"]
[Site "Almaty"]
[Date "2019.10.12"]
[Round "7.5"]
[White "Utegaliyev, Azamat"]
[Black "Isanzhulov, Arystan"]
[Result "1-0"]
[ECO "B25"]
[WhiteElo "2503"]
[BlackElo "2305"]
[Annotator "ChessBase"]
[PlyCount "135"]
[EventDate "2019.10.07"]
[EventType "swiss"]
[EventCountry "KAZ"]
[SourceTitle "playchess.com"]
[Source "ChessBase"]
[SourceQuality "1"]
[TimeControl "5400+30"]

1. e4 c5 2. Nc3 d6 3. g3 Nc6 4. Bg2 g6 5. d3 Bg7 6. f4 Nh6 7. Nf3 O-O 8. O-O f5 9. h3 Nd4 10. Ng5 Nf7 11. Nxf7 Rxf7 12. Nd5 e6 13. Ne3 Kh8 14. c3 Nc6 15. g4 Ne7 16. Qb3 Rf8 17. exf5 gxf5 18. gxf5 Nxf5 19. Nxf5 Rxf5 20. Be3 Rb8 21. d4 cxd4 22. cxd4 d5 23. Bf3 Qh4 24. Kh2 e5 25. Bf2 Qh6 26. fxe5 Rg5 27. Bg2 Be6 28. Bg3 Qg6 29. Rf2 Rg8 30. Bf4 Rf5 31. Qe3 Bf8 32. Rg1 Rh5 33. Rf3 Qc2 34. Qd2 Qe4 35. Qd3 Qxd3 36. Rxd3 Rf5 37. Rf1 Be7 38. Rg3 Rgf8 39. Bh6 R8f7 40. Rxf5 Rxf5 41. Bg7+ Kg8 42. Bf6+ Kf8 43. Bxe7+ Kxe7 44. Rg7+ Rf7 45. Rxf7+ Bxf7 46. Kg3 h6 47. Kf4 Be6 48. h4 Kf7 49. Bf3 Ke7 50. Bg4 Bg8 51. Bf5 Kf7 52. e6+ Kf6 53. e7 Bf7 54. Bc8 Kxe7 55. Ke5 b6 56. Bb7 Bg6 57. Bxd5 Bd3 58. Be6 Be2 59. d5 Kd8 60. d6 Ke8 61. Kf6 Bf3 62. Kg6 h5 63. Kg5 Kd8 64. a3 a5 65. Bf7 Kd7 66. Bxh5 Bd5 67. Kf6 Kxd6 68. Bf7 1-0

[Event "Almaty Open 2019"]
[Site "Almaty"]
[Date "2019.10.12"]
[Round "7.6"]
[White "Serikbay, Chingiz"]
[Black "Kostenko, Petr"]
[Result "1/2-1/2"]
[ECO "D02"]
[WhiteElo "2298"]
[BlackElo "2462"]
[Annotator "ChessBase"]
[PlyCount "125"]
[EventDate "2019.10.07"]
[EventType "swiss"]
[EventCountry "KAZ"]
[SourceTitle "playchess.com"]
[Source "ChessBase"]
[SourceQuality "1"]
[TimeControl "5400+30"]

1. d4 d5 2. Nf3 Nf6 3. c4 e6 4. g3 dxc4 5. Qa4+ c6 6. Qxc4 b5 7. Qc2 Bb7 8. Bg2 Nbd7 9. O-O c5 10. a4 b4 11. Nbd2 Rc8 12. Qd3 Be7 13. b3 cxd4 14. Qxd4 O-O 15. Bb2 Qa5 16. Nc4 Qa6 17. Nfe5 Bxg2 18. Kxg2 Nc5 19. Qd1 Nd5 20. Rc1 Rc7 21. Kg1 Rfc8 22. Bd4 f6 23. Bxc5 Bxc5 24. Nd3 Nc3 25. Qd2 Bf8 26. Rc2 Qb7 27. Rfc1 e5 28. Ndb2 Rd7 29. Qe1 Bc5 30. Nd1 Ne4 31. Nd2 Nxd2 32. Rxd2 Bd4 33. Rdc2 Rcd8 34. e3 Bb6 35. Nb2 a5 36. Qe2 Ba7 37. Qc4+ Kf8 38. Qc6 e4 39. Qxb7 Rxb7 40. Rc8 Bb6 41. Kf1 Ke7 42. Rxd8 Bxd8 43. Rc4 f5 44. Rc5 Ke6 45. Nc4 Rd7 46. Rc6+ Ke7 47. Ra6 Rd5 48. Ke2 Bc7 49. f3 exf3+ 50. Kxf3 Rd3 51. Nxa5 Bxa5 52. Rxa5 Kf6 53. Ra6+ Ke5 54. Ra7 Kf6 55. h4 Rxb3 56. Kf4 Ra3 57. Ra6+ Kf7 58. Rb6 Rxa4 59. Kxf5 Ra3 60. Rb7+ Kf8 61. Rb8+ Kf7 62. Rb7+ Kf8 63. Rb8+ 1/2-1/2

[Event "Almaty Open 2019"]
[Site "Almaty"]
[Date "2019.10.12"]
[Round "7.7"]
[White "Moisseyenko, Ilya"]
[Black "Barsov, Alexei"]
[Result "1/2-1/2"]
[ECO "D37"]
[WhiteElo "2264"]
[BlackElo "2365"]
[Annotator "NA"]
[PlyCount "149"]
[EventDate "2019.10.07"]
[EventType "swiss"]
[EventCountry "KAZ"]
[SourceTitle "playchess.com"]
[Source "ChessBase"]
[SourceQuality "1"]
[TimeControl "5400+30"]

1. d4 d5 2. Nf3 Nf6 3. c4 e6 4. Nc3 Be7 5. cxd5 exd5 6. Bg5 c6 7. Qc2 g6 8. e3 $11 Bf5 9. Bd3 Bxd3 10. Qxd3 Nbd7 11. O-O O-O 12. Rab1 a5 13. Rbe1 Ne4 14. Bf4 g5 15. Bg3 f5 16. Ne2 Bb4 17. Rd1 Qe7 18. a3 Bd6 19. Qb3 Ra7 20. Rfe1 a4 21. Qc2 h5 22. Bxd6 Nxd6 23. h4 g4 24. Ng5 Ne4 25. Nf4 Nxg5 26. hxg5 Rf7 27. g6 Rf8 28. g3 Qe4 29. Qxe4 fxe4 30. Nxh5 Rf5 31. Nf4 Nf8 32. Kg2 Rg5 33. Rh1 Nxg6 34. Rh6 Nxf4+ 35. gxf4 Rg7 36. Rdh1 Ra5 37. Rh8+ Kf7 38. Kg3 Rb5 39. Ra8 Rxb2 40. Rxa4 Kg6 41. Ra8 Ra2 42. a4 Kf6 43. a5 Ke7 44. Rb1 Kd6 45. Ra7 Rh7 46. f5 Rf7 47. Rbxb7 Rxf5 48. Rd7+ Ke6 49. Re7+ Kf6 50. Rf7+ Ke6 51. Rxf5 Kxf5 52. a6 Ke6 53. Ra8 Kd7 54. Kxg4 Kc7 55. Rf8 Rxa6 56. Kf5 Ra2 57. Ke6 Rc2 58. Rf7+ Kb6 59. Kd6 Rc1 60. Rf8 Kb7 61. Rg8 Rf1 62. Rf8 Rc1 63. Rf7+ Kb6 64. Kd7 Rc2 65. Kc8 c5 66. Rf6+ Kb5 67. dxc5 Kxc5 68. Kd7 Ra2 69. Rc6+ Kb5 70. Rd6 Kc4 71. Ke6 Rxf2 72. Rxd5 Rf6+ 73. Kxf6 Kxd5 74. Kf5 Kd6 75. Kxe4 {[%emt 0:00:06] Ke5+} 1/2-1/2

[Event "Almaty Open 2019"]
[Site "Almaty"]
[Date "2019.10.12"]
[Round "7.8"]
[White "Simantsev, Mikhail"]
[Black "Rakhimzhan, Alen"]
[Result "0-1"]
[ECO "E15"]
[WhiteElo "2365"]
[BlackElo "2303"]
[Annotator "NA"]
[PlyCount "113"]
[EventDate "2019.10.07"]
[EventType "swiss"]
[EventCountry "KAZ"]
[SourceTitle "playchess.com"]
[Source "ChessBase"]
[SourceQuality "1"]
[TimeControl "5400+30"]

1. d4 Nf6 2. c4 e6 3. Nf3 b6 4. g3 c6 5. Bg2 Be7 6. O-O O-O 7. b3 d5 8. Bb2 Nbd7 9. Nbd2 Ba6 $11 10. Qc2 Rc8 11. e4 c5 12. exd5 exd5 13. Qf5 g6 14. Qf4 Nh5 15. Qh6 Re8 16. Rfe1 Bf8 17. Rxe8 Qxe8 18. Qg5 h6 19. Qh4 dxc4 20. Re1 Qd8 21. Qxd8 Rxd8 22. Nxc4 Bxc4 23. bxc4 cxd4 24. Nxd4 Nc5 25. Ba1 Bg7 26. Bd5 Nf6 27. Nc6 Rd7 28. Nb8 Rd8 29. Nc6 Rd7 30. Bxf6 Bxf6 31. Re8+ Kg7 32. Ra8 a6 33. Rc8 Nd3 34. Be4 Nc5 35. Bd5 Nd3 36. Nb8 Re7 37. Nc6 Rd7 38. Rb8 Nc1 39. Rxb6 Nxa2 40. Rxa6 Nc3 41. Ra5 g5 42. Kg2 Kg6 43. h3 h5 44. Kf3 Rd6 45. g4 hxg4+ 46. hxg4 Kg7 47. Ke3 Rd7 48. f3 Rb7 49. Nd4 Re7+ 50. Kd3 Bxd4 51. Kxd4 Ne2+ 52. Kc5 Kf6 53. Kd6 Nf4 54. c5 Nxd5 55. Kxd5 Re3 56. c6 Re5+ 57. Kd4 0-1

[Event "Almaty Open 2019"]
[Site "Almaty"]
[Date "2019.10.12"]
[Round "7.9"]
[White "Urazayev, Arystanbek"]
[Black "Dzhumaev, Marat"]
[Result "0-1"]
[ECO "B90"]
[WhiteElo "2420"]
[BlackElo "2428"]
[Annotator "NA"]
[PlyCount "70"]
[EventDate "2019.10.07"]
[EventType "swiss"]
[EventCountry "KAZ"]
[SourceTitle "playchess.com"]
[Source "ChessBase"]
[SourceQuality "1"]
[TimeControl "5400+30"]

1. e4 c5 2. Nf3 d6 3. d4 cxd4 4. Nxd4 Nf6 5. Nc3 a6 6. Be3 e6 7. a3 Qc7 8. g4 h6 $14 9. h4 Nc6 10. Rg1 h5 11. g5 Ng4 12. Qd2 Nxe3 13. Qxe3 g6 14. O-O-O Bg7 15. Nxc6 bxc6 16. f4 O-O 17. Bh3 d5 18. f5 d4 19. Rxd4 Bxd4 20. Qxd4 Qf4+ 21. Kb1 exf5 22. Qd3 Re8 23. Rf1 Qxh4 24. exf5 Re1+ 25. Ka2 Bxf5 26. Bxf5 Rxf1 27. Bxg6 Qe1 28. Bh7+ Kg7 29. Be4 Rb8 30. b4 Rd8 31. Qc4 Rg1 32. Qc5 Qg3 33. Ne2 Ra1+ 34. Kxa1 Qxa3+ 35. Kb1 Rd1+ 0-1

[Event "Almaty Open 2019"]
[Site "Almaty"]
[Date "2019.10.12"]
[Round "7.10"]
[White "Amanov, Zhanibek"]
[Black "Sisabayev, Kuanysh"]
[Result "1-0"]
[ECO "B28"]
[WhiteElo "2339"]
[BlackElo "2289"]
[Annotator "NA"]
[PlyCount "53"]
[EventDate "2019.10.07"]
[EventType "swiss"]
[EventCountry "KAZ"]
[SourceTitle "playchess.com"]
[Source "ChessBase"]
[SourceQuality "1"]
[TimeControl "5400+30"]

1. e4 c5 2. Nf3 a6 3. g3 g6 4. Bg2 Bg7 5. O-O Nc6 6. c3 e5 7. Na3 Nge7 8. Nc4 d6 9. a4 Be6 10. d3 O-O 11. Ng5 Bc8 12. f4 h6 13. Nf3 Be6 14. a5 Bxc4 15. dxc4 Nxa5 16. f5 gxf5 17. Nh4 f4 18. gxf4 exf4 19. Bxf4 Nxc4 20. Qh5 Kh7 21. Bxh6 Bxh6 22. Rf6 Ng8 23. Rxf7+ Rxf7 24. Qxf7+ Bg7 25. Qf5+ Kh8 26. Ng6+ Kh7 27. Nf8+ 1-0

[Event "Almaty Open 2019"]
[Site "Almaty"]
[Date "2019.10.12"]
[Round "7.11"]
[White "Kenzhalin, Nursultan"]
[Black "Dauletova, Gulmira"]
[Result "1-0"]
[ECO "E04"]
[WhiteElo "2185"]
[BlackElo "2259"]
[Annotator "NA"]
[PlyCount "123"]
[EventDate "2019.10.07"]
[EventType "swiss"]
[EventCountry "KAZ"]
[SourceTitle "playchess.com"]
[Source "ChessBase"]
[SourceQuality "1"]
[TimeControl "5400+30"]

1. d4 Nf6 2. c4 e6 3. Nf3 d5 4. g3 dxc4 5. Bg2 $11 a6 6. O-O Nc6 7. e3 Bd7 8. Qe2 b5 9. a4 Rb8 10. axb5 axb5 11. Nc3 Be7 12. Ne5 Nb4 13. e4 O-O 14. Be3 Qc8 15. Rfd1 Rd8 16. g4 Be8 17. Na2 Nxa2 18. Rxa2 c5 19. d5 Bd6 20. f4 Qc7 21. Bd2 Bxe5 22. Ba5 Bd4+ 23. Rxd4 Qxf4 24. Rd1 Nxg4 25. h3 Qh2+ 26. Kf1 Qf4+ 27. Kg1 Ne5 28. Rf1 Qg5 29. Bc7 f6 30. Bxb8 Rxb8 31. dxe6 b4 32. Rfa1 Bc6 33. Ra6 h5 34. Rxc6 Nxc6 35. Qxc4 Qe3+ 36. Kh1 Ne5 37. Qd5 Qd4 38. e7+ Qxd5 39. exd5 Kf7 40. d6 Ke6 41. Ra8 Rxa8 42. Bxa8 Kf7 43. Bd5+ Ke8 44. Bb3 c4 45. Ba4+ Nd7 46. Bc2 Ne5 47. Ba4+ Nd7 48. Kg2 b3 49. Kf3 c3 50. bxc3 b2 51. Bc2 Ne5+ 52. Ke4 g6 53. Kd5 Kf7 54. c4 g5 55. c5 g4 56. hxg4 h4 57. c6 h3 58. c7 h2 59. e8=Q+ Kxe8 60. c8=Q+ Kf7 61. Qb7+ Kf8 62. Ke6 1-0

[Event "Almaty Open 2019"]
[Site "Almaty"]
[Date "2019.10.12"]
[Round "7.12"]
[White "Stupak, Kirill"]
[Black "Zhukenov, Aituar"]
[Result "1-0"]
[ECO "A62"]
[WhiteElo "2551"]
[BlackElo "2196"]
[Annotator "ChessBase"]
[PlyCount "207"]
[EventDate "2019.10.07"]
[EventType "swiss"]
[EventCountry "KAZ"]
[SourceTitle "playchess.com"]
[Source "ChessBase"]
[SourceQuality "1"]
[TimeControl "5400+30"]

1. d4 Nf6 2. c4 c5 3. d5 e6 4. Nc3 exd5 5. cxd5 d6 6. Nf3 g6 7. g3 Bg7 8. Bg2 O-O 9. O-O a6 10. a4 Re8 11. Bf4 Nh5 12. Bg5 Qc7 13. e4 Nd7 14. h3 h6 15. Be3 Rb8 16. Rc1 Qd8 17. Nd2 Ne5 18. g4 Nf6 19. Qe2 b5 20. b3 bxa4 21. Nxa4 Rb4 22. Nb2 Bd7 23. Nbc4 Nxc4 24. bxc4 a5 25. Qd3 a4 26. e5 Rxe5 27. Bf4 Nh7 28. Rc2 g5 29. Bg3 Qe7 30. Nf3 Rb3 31. Qd1 Re4 32. Qc1 Rb4 33. Nd2 Re5 34. Bxe5 Bxe5 35. Re1 Qf6 36. Ne4 Qg7 37. Ra2 Nf8 38. Ng3 Bxg3 39. fxg3 Qd4+ 40. Kh2 Rxc4 41. Rc2 Rxc2 42. Qxc2 Ng6 43. Rb1 Kg7 44. Rb6 Qf6 45. Be4 Ne7 46. Rb7 Be8 47. Rb8 Bd7 48. Rb7 Bc8 49. Ra7 Qe5 50. Qd3 Qb2+ 51. Bg2 Ng6 52. Rxa4 Ne5 53. Qa3 Qf2 54. Re4 Bb7 55. Qe3 Qb2 56. Qe2 Qxe2 57. Rxe2 Kf6 58. Kg1 Ba6 59. Rf2+ Ke7 60. Ra2 Bc4 61. Ra8 Bd3 62. Ra7+ Kf6 63. Kf2 Bg6 64. Rc7 Bb1 65. Ke3 Nc4+ 66. Ke2 Ne5 67. Rc8 Bc2 68. Rd8 Bd3+ 69. Kd2 Ke7 70. Rh8 Bg6 71. Rxh6 Nc4+ 72. Kc3 Ne5 73. Rh8 Bb1 74. Ra8 Bg6 75. Ra1 Kf6 76. Ra6 Ke7 77. Ra4 f5 78. gxf5 Bxf5 79. g4 Bg6 80. Be4 Bxe4 81. Rxe4 Kd7 82. Re1 Ng6 83. Kc4 Nf4 84. Re3 Ng6 85. Re4 Nf8 86. Re2 Ng6 87. Rf2 Ne5+ 88. Kc3 Ke7 89. Rf5 Nf7 90. Kc4 Ke8 91. Kb5 Kf8 92. Kb6 Ke8 93. Kc6 Ke7 94. Kc7 Ke8 95. Rf6 Ke7 96. Re6+ Kf8 97. Re3 Kg7 98. Re6 Kf8 99. Re1 Kg7 100. Kd7 Kf6 101. Rf1+ Ke5 102. Rxf7 c4 103. Rf5+ Kd4 104. Kxd6 1-0

[Event "Almaty Open 2019"]
[Site "Almaty"]
[Date "2019.10.12"]
[Round "7.13"]
[White "Bekturov, Tamerlan"]
[Black "Kembayev, Bakhytzhan"]
[Result "1-0"]
[ECO "E04"]
[WhiteElo "2226"]
[BlackElo "2119"]
[Annotator "NA"]
[PlyCount "109"]
[EventDate "2019.10.07"]
[EventType "swiss"]
[EventCountry "KAZ"]
[SourceTitle "playchess.com"]
[Source "ChessBase"]
[SourceQuality "1"]
[TimeControl "5400+30"]

1. d4 Nf6 2. c4 e6 3. g3 d5 4. Bg2 dxc4 5. Nf3 Nc6 6. Qa4 Bb4+ 7. Bd2 Nd5 8. Bxb4 Ndxb4 9. O-O Rb8 10. Na3 O-O 11. Qb5 b6 12. Qxc4 Ba6 13. Nb5 Qd5 14. Qxd5 Nxd5 15. a4 Rbd8 16. Rfc1 Na5 17. e4 Nf6 18. Rxc7 Nxe4 19. Nxa7 Nf6 20. Rc2 Bb7 21. Rd1 Be4 22. Re2 Nb3 23. Nb5 Ra8 24. Nc3 Bc6 25. Ne5 Bxg2 26. Kxg2 Rfd8 27. Nf3 h6 28. Re3 Na5 29. Ne5 Rac8 30. Red3 Nd5 31. Nxd5 Rxd5 32. b4 Nb7 33. Rb3 f6 34. Ng6 Kf7 35. Nf4 Rd6 36. d5 exd5 37. Rxd5 Rxd5 38. Nxd5 Rc6 39. Re3 Nd8 40. Re7+ Kf8 41. Rd7 Nf7 42. b5 Rc2 43. Nxb6 Ne5 44. Rd4 Ke7 45. Nd5+ Ke6 46. Ne3 Rb2 47. g4 g6 48. h3 h5 49. gxh5 gxh5 50. Nd5 h4 51. Ne3 f5 52. Nd1 Ra2 53. b6 Nc6 54. Rc4 Kd5 55. Ne3+ 1-0

[Event "Almaty Open 2019"]
[Site "Almaty"]
[Date "2019.10.12"]
[Round "7.14"]
[White "Balabayeva, Xeniya"]
[Black "Kairbekova, Amina"]
[Result "1-0"]
[ECO "C03"]
[WhiteElo "1986"]
[BlackElo "2096"]
[Annotator "NA"]
[PlyCount "69"]
[EventDate "2019.10.07"]
[EventType "swiss"]
[EventCountry "KAZ"]
[SourceTitle "playchess.com"]
[Source "ChessBase"]
[SourceQuality "1"]
[TimeControl "5400+30"]

1. e4 e6 2. d4 d5 3. Nd2 Be7 4. e5 c5 5. c3 Nc6 6. Bd3 cxd4 7. cxd4 Nb4 8. Bb1 Qb6 9. Ne2 Bd7 10. a3 Qa6 11. Nb3 Ba4 12. Nc3 Bxb3 13. Qxb3 Rc8 14. Be3 Kf8 15. Qd1 h5 16. f3 h4 17. Kf2 Nh6 18. Qd2 Nc6 19. Rc1 f6 20. b4 Nxb4 21. axb4 Qxa1 22. Ba2 Qxc1 23. Qxc1 Bxb4 24. Bd2 fxe5 25. Qb2 a5 26. Ne2 Bxd2 27. Qxd2 b6 28. dxe5 Nf5 29. Bb1 Ne7 30. Nd4 Rh6 31. Qb2 a4 32. Qxb6 a3 33. Nxe6+ Kg8 34. Qd6 a2 35. Qxe7 1-0

[Event "Almaty Open 2019"]
[Site "Almaty"]
[Date "2019.10.12"]
[Round "7.15"]
[White "Malygin, Vladislav"]
[Black "Bizhigitov, Zhangir"]
[Result "1/2-1/2"]
[ECO "C04"]
[WhiteElo "1941"]
[BlackElo "2018"]
[Annotator "NA"]
[PlyCount "71"]
[EventDate "2019.10.07"]
[EventType "swiss"]
[EventCountry "KAZ"]
[SourceTitle "playchess.com"]
[Source "ChessBase"]
[SourceQuality "1"]
[TimeControl "5400+30"]

1. e4 e6 2. d4 d5 3. Nd2 Nc6 4. Ngf3 Nf6 5. e5 Nd7 6. Nb3 a5 7. Bg5 Be7 8. Bxe7 Qxe7 9. c3 O-O 10. Bd3 a4 11. Nbd2 f6 12. O-O fxe5 13. Nxe5 Ndxe5 14. dxe5 Nxe5 15. Bxh7+ Kxh7 16. Qh5+ Kg8 17. Qxe5 Rf5 18. Qe3 Bd7 19. f4 Raf8 20. Rae1 Qf7 21. g3 Bb5 22. c4 dxc4 23. Qc3 Qe7 24. Nf3 Rd8 25. Re5 Rxe5 26. Nxe5 Qc5+ 27. Kg2 Qd5+ 28. Kh3 Qe4 29. Qb4 Qe2 30. Rf3 Bc6 31. Qe7 Rf8 32. Qxe6+ Kh7 33. Qg6+ Kh8 34. Qe6 Re8 35. Ng6+ Kh7 36. Nf8+ 1/2-1/2

[Event "Almaty Open 2019"]
[Site "Almaty"]
[Date "2019.10.12"]
[Round "7.16"]
[White "Nukin, Tolegen"]
[Black "Baimurzin, Aitkazy"]
[Result "1-0"]
[ECO "B06"]
[WhiteElo "2104"]
[BlackElo "2036"]
[Annotator "NA"]
[PlyCount "125"]
[EventDate "2019.10.07"]
[EventType "swiss"]
[EventCountry "KAZ"]
[SourceTitle "playchess.com"]
[Source "ChessBase"]
[SourceQuality "1"]
[TimeControl "5400+30"]

1. e4 g6 2. d4 Bg7 3. f3 d6 4. Be3 Nc6 5. c4 e5 6. d5 Nce7 7. Nc3 f5 8. Bd3 Nf6 9. Nge2 O-O 10. Qd2 f4 11. Bf2 g5 12. O-O-O g4 13. Kb1 Bd7 14. c5 Rf7 15. Bc4 a6 16. c6 Bc8 17. cxb7 Bxb7 18. Nc1 Ng6 19. Nb3 Bf8 20. Na5 Bc8 21. b4 Qd7 22. h3 gxf3 23. gxf3 Nh5 24. Nc6 Ng3 25. Rh2 Nh4 26. Qd3 Rg7 27. Ka1 Qe8 28. Nb1 Kh8 29. Bb3 Bd7 30. Ba4 Be7 31. Nd2 Bf6 32. a3 Qh5 33. Ka2 Rag8 34. Rc1 Ra8 35. Bd1 Qf7 36. a4 Nh5 37. Na7 c5 38. bxc5 Rxa7 39. c6 Rc7 40. Nc4 Bxc6 41. dxc6 Rxc6 42. Bb3 Qc7 43. Bxh4 Bxh4 44. Rhc2 Rd7 45. Ne3 Rxc2+ 46. Rxc2 Qb7 47. Nf5 Bd8 48. Nxd6 Nf6 49. Nf7+ Kg7 50. Nxd8 Qb6 51. Rg2+ Kf8 52. Qc3 Rxd8 53. Qxe5 Rd3 54. Rb2 Qd4 55. Qxf4 Ke7 56. Qc7+ Nd7 57. Qf4 Nc5 58. Qf7+ Kd6 59. Qf8+ Kc7 60. Qe7+ Nd7 61. Rc2+ Rc3 62. Qf7 Kb6 63. Rxc3 1-0

[Event "Almaty Open 2019"]
[Site "Almaty"]
[Date "2019.10.12"]
[Round "7.17"]
[White "Nurgaliyev, Sauat"]
[Black "Tologontegin, Semetey"]
[Result "0-1"]
[ECO "B32"]
[WhiteElo "1995"]
[BlackElo "2384"]
[Annotator "ChessBase"]
[PlyCount "50"]
[EventDate "2019.10.07"]
[EventType "swiss"]
[EventCountry "KAZ"]
[SourceTitle "playchess.com"]
[Source "ChessBase"]
[SourceQuality "1"]
[TimeControl "5400+30"]

1. e4 c5 2. Nf3 Nc6 3. d4 cxd4 4. Nxd4 Qb6 5. Nb3 Nf6 6. Nc3 e6 7. Qe2 Bb4 8. Bd2 O-O 9. O-O-O a5 10. Kb1 a4 11. Nc1 d5 12. f3 a3 13. b3 d4 14. Qb5 Qc7 15. N3e2 Bxd2 16. Rxd2 e5 17. Ng3 Be6 18. h4 Rfc8 19. Qe2 Nb4 20. Qd1 Qc3 21. Nd3 Nxd3 22. cxd3 Bxb3 23. axb3 a2+ 24. Rxa2 Rxa2 25. Kxa2 Ra8+ 0-1

[Event "Almaty Open 2019"]
[Site "Almaty"]
[Date "2019.10.12"]
[Round "7.18"]
[White "Zhakshylykov, Erzhan"]
[Black "Igen, Amir"]
[Result "1/2-1/2"]
[ECO "B62"]
[WhiteElo "1999"]
[BlackElo "1934"]
[Annotator "NA"]
[PlyCount "73"]
[EventDate "2019.10.07"]
[EventType "swiss"]
[EventCountry "KAZ"]
[SourceTitle "playchess.com"]
[Source "ChessBase"]
[SourceQuality "1"]
[TimeControl "5400+30"]

1. e4 c5 2. Nf3 d6 3. d4 cxd4 4. Nxd4 Nf6 5. Nc3 Nc6 6. Bg5 e6 7. f4 Be7 8. Nb3 h6 9. Bxf6 Bxf6 10. Qd2 g5 11. Nb5 gxf4 12. Nxd6+ Ke7 13. O-O-O Be5 14. Nc4 Qxd2+ 15. Rxd2 Bc7 16. a4 b6 17. Kb1 Bb7 18. Nc1 Rhd8 19. Bd3 Ne5 20. Nxe5 Bxe5 21. b3 Bd4 22. Ne2 Be3 23. Rdd1 f5 24. exf5 Bxg2 25. Rhe1 e5 26. Bc4 Bf2 27. Nxf4 Rxd1+ 28. Rxd1 exf4 29. Rd2 f3 30. Rxf2 Rd8 31. Kc1 Kf6 32. Bd3 Rd4 33. Kd2 Rh4 34. Ke3 Ke5 35. c4 Rxh2 36. b4 Rh1 37. Rc2 1/2-1/2